 Dungeon Crawl Stone Soup version 0.31-a0-204-g7da18cac08 (webtiles) character file.

Game seed: 12528840158538391426

65 qw the Shooter (level 3, -8/20 HPs)
             Began as a Deep Elf Hunter on June 27, 2023.
             Mangled by a gnoll
             ... wielding a +0 halberd
              (12 damage)
             ... on level 2 of the Dungeon.
             The game lasted 00:00:31 (1328 turns).

qw the Shooter (Deep Elf Hunter)                    Turns: 1328, Time: 00:00:31

Health: -8/20      AC:  9    Str:  8 (10) XL:     3   Next: 94%
Magic:  5/5        EV: 10    Int: 11 (13) God:
Gold:   116        SH:  0    Dex: 17 (18) Spells: 2/2 levels left

rFire   . . .        Y - +1 shortbow
rCold   . . .        (shield currently unavailable)
rNeg    . . .        h - +0 ring mail
rPois   .            (no helmet)
rElec   .            (no cloak)
rCorr   .            (no gloves)
SInv    .            (no boots)
Will    .....        (no amulet)
Stlth   +            e - +4 ring of protection
HPRegen 0.23/turn    (no ring)
MPRegen 0.09/turn

%: no passive effects
@: no status effects
A: no striking features
a: no special abilities


You were on level 2 of the Dungeon.
You visited 1 branch of the dungeon, and saw 2 of its levels.

You collected 116 gold pieces.


   Skills:
 - Level 1.5 Fighting
 + Level 7.4 Ranged Weapons
 - Level 2.4 Dodging
 - Level 1.2 Stealth


You had 2 spell levels left.
You didn't know any spells.
Your spell library was empty.

Inventory:

Hand Weapons
 Y - a +1 shortbow (weapon)
Armour
 h - a +0 ring mail (worn)
Jewellery
 c - a ring of willpower
 e - a +4 ring of protection (left hand)
 f - a +6 ring of dexterity
 j - a +6 ring of strength
Scrolls
 a - a scroll of silence {unknown}
 b - a scroll of revelation {unknown}
 d - a scroll of identify
 g - a scroll of teleportation {unknown}
Potions
 i - 2 potions of heal wounds {unknown}

Dungeon Overview and Level Annotations

Branches:
Dungeon (2/15)

Altars:


Message History

The gnoll hits you with a +0 flail. The gnoll hits you with a +0 flail!
Ouch! That really hurt!
You shoot an arrow. The arrow hits the gnoll!
You kill the gnoll!
You feel your strength returning.
1262 ||| STILL FLEEEEING.
1263 ||| STILL FLEEEEING.
1264 ||| STILL FLEEEEING.
1265 ||| STILL FLEEEEING.
1266 ||| STILL FLEEEEING.
1267 ||| STILL FLEEEEING.
You start resting.
HP restored.
A rat comes into view.
You shoot an arrow. The arrow hits the rat.
You kill the rat!
A gnoll comes into view. It is wielding a +0 flail.
The gnoll shouts!
You hear a shout!
A gnoll comes into view. It is wielding a +0 halberd.
Enter note:
Enter note:
Enter note:
Enter note: You shoot an arrow.
The arrow barely misses the gnoll.
You shoot an arrow. The arrow barely misses the gnoll.
You shoot an arrow. The arrow hits the gnoll.
The gnoll is moderately wounded.
You shoot an arrow. The arrow hits the gnoll.
The gnoll is moderately wounded.
You shoot an arrow. The arrow barely misses the gnoll.
You shoot an arrow. The arrow hits the gnoll.
The gnoll is heavily wounded.
The gnoll hits you from afar with a +0 halberd!
Ouch! That really hurt!
The gnoll hits you with a +0 flail. The gnoll closely misses you.
You shoot an arrow. The arrow hits the gnoll.
The gnoll is moderately wounded.
The gnoll hits you from afar with a +0 halberd!
Ouch! That really hurt!
You die...

#...###........##............
###.......%..%.#...#.##.....#
.....[.........#..##.##.....#
###.###..###%.....##.#####..#
# .......).................
.#....._.......##.##......
#.....g..................
#....##.g.#.#.##.........
........@##.#.##.#####..#
#...#....#.#.##.#####..# ##.
###.##.#.......##..#
#.##.##.#.##.##..#
#.#...#...##<##(.#
..##.###..#####... ###
#..##.....# #..##......
##.##......


You could see 2 gnolls.

Vanquished Creatures
  A gnoll (D:2)
  2 adders (D:2)
  4 ball pythons
  4 endoplasms
  2 giant cockroaches
  4 goblins
  3 hobgoblins
  4 jackals (D:1)
  A quokka (D:1)
  2 bats (D:1)
  A frilled lizard (D:1)
  2 kobolds (D:1)
  5 rats
35 creatures vanquished.

Notes
Turn   | Place    | Note
-------+----------+-------------------------------------------
     0 | D:1      | qw the Deep Elf Hunter began the quest for the Orb.
     0 | D:1      | Reached XP level 1. HP: 12/12 MP: 3/3
     0 | D:1      | 0 ||| qw: Version: 0.3-a-22-g0ed2b0b
     0 | D:1      | 0 ||| qw: Game counter: 6631
     0 | D:1      | 0 ||| qw: Melee chars always use a shield: true
     0 | D:1      | 0 ||| qw: God list: Okawaru
     0 | D:1      | 0 ||| qw: Allow faded altars: false
     0 | D:1      | 0 ||| qw: Do Orc after clearing Dungeon:15 true
     0 | D:1      | 0 ||| qw: Do second Lair branch before Depths: true
     0 | D:1      | 0 ||| qw: Lair rune preference: random
     0 | D:1      | 0 ||| qw: Goals: Normal
     0 | D:1      | 0 ||| PLANNING D:1-11
   292 | D:1      | Reached skill level 6 in Ranged Weapons
   292 | D:1      | Reached XP level 2. HP: 14/16 MP: 4/4
   929 | D:1      | 929 ||| UPGRADING to +0 ring mail.
   939 | D:1      | 939 ||| DROPPING +0 leather armour.
   940 | D:1      | 940 ||| UPGRADING to +4 ring of protection.
   941 | D:1      | 941 ||| READING scroll labelled TEZUUNKENK.
   942 | D:1      | 942 ||| READING scroll labelled JIDOSAUNIS.
   943 | D:1      | 943 ||| READING scroll labelled YQUYXT IRUPH.
   944 | D:1      | 944 ||| DRINKING 2 purple potions.
   953 | D:1      | 953 ||| DRINKING 2 cyan potions.
   954 | D:1      | 954 ||| DROPPING scroll of butterflies.
   955 | D:1      | 955 ||| DROPPING potion of ambrosia.
   956 | D:1      | 956 ||| DROPPING potion of degeneration.
   997 | D:2      | Found a faded altar of an unknown god.
  1007 | D:2      | Reached XP level 3. HP: 20/20 MP: 5/5
  1196 | D:2      | Reached skill level 7 in Ranged Weapons
  1251 | D:2      | 1251 ||| FLEEEEING.
  1252 | D:2      | 1252 ||| FLEEEEING.
  1253 | D:2      | 1253 ||| FLEEEEING.
  1254 | D:2      | 1254 ||| FLEEEEING.
  1255 | D:2      | 1255 ||| FLEEEEING.
  1256 | D:2      | 1256 ||| FLEEEEING.
  1257 | D:2      | 1257 ||| FLEEEEING.
  1258 | D:2      | 1258 ||| FLEEEEING.
  1327 | D:2      | HP: 4/20 [gnoll/+0 flail (5)]
  1328 | D:2      | Mangled by a gnoll

Levels and vault maps discovered:
D:1:      elethiomel_arrival_maze, layout_basic
D:2:      minmay_spotlight, layout_basic, hellmonk_ecumenical_altar_lost_god

Skill      XL: |  1  2  3 |
---------------+----------+-----
Ranged Weapons | 6 7 |  7.4
Fighting       | |  1.5
Dodging        | |  2.4
Stealth        | |  1.2

Action                     || total
---------------------------++-------
   Fire: Shortbow          ||    96
    Use: Scroll            ||     3
         Potion            ||     2
 Armour: Leather armour    ||     3
         Ring mail         ||     6
  Dodge: Dodged            ||    11

Table legend:
 A = Non-vault XP
 B = Vault XP
 C = Vault XP percentage of total XP
 D = Non-vault monster count
 E = Vault monster count
 F = Vault count percentage of total count
                 A         B        C        D         E       F
            +---------+---------+-------+---------+---------+-------
      Total |      91 |       3 |   3.2 |      33 |       2 |   5.7
            +---------+---------+-------+---------+---------+-------
        D:1 |      36 |       0 |   0.0 |      21 |       0 |   0.0
        D:2 |      55 |       3 |   5.2 |      12 |       2 |  14.3
            +---------+---------+-------+---------+---------+-------
